 Dungeon Crawl Stone Soup version 0.27.1-3-gb3d3a73c9e (webtiles) character file.

Game seed: 7861402196377910009

45 barney the Changer (level 3, -1/28 HPs)
             Began as a Draconian Transmuter on Oct 6, 2021.
             Killed from afar by Natasha (6 damage)
             ... with a magic dart
             ... on level 2 of the Dungeon.
             The game lasted 00:02:10 (3669 turns).

barney the Changer (Draconian Transmuter)           Turns: 3669, Time: 00:02:10

Health: -1/28      AC:  2    Str: 12    XL:     3   Next: 42%
Magic:  0/6        EV: 19    Int: 14    God:
Gold:   59         SH:  0    Dex: 16    Spells: 0/6 levels left

rFire    + . .     SeeInvis .     - Unarmed
rCold    + . .     Faith    .   (shield currently unavailable)
rNeg     . . .     Spirit   .   (armour unavailable)
rPois    .         Reflect  .   (helmet currently unavailable)
rElec    +         Harm     .   (cloak currently unavailable)
rCorr    +         Rampage  .   (gloves currently unavailable)
Will     .....                  (boots currently unavailable)
Stlth    +.........             (no amulet)
HPRegen  0.09/turn              (no ring)
MPRegen  0.10/turn              (no ring)

@: spider-form (expiring), resistant, very slightly contaminated
A: venomous fangs, AC +5, tiny, unfitting armour, (cold-blooded)
a: End Transformation


You were on level 2 of the Dungeon.
You were a venomous arachnid creature.
You visited 1 branch of the dungeon, and saw 2 of its levels.

You collected 59 gold pieces.

Inventory:

Armour
 c - a +0 pair of boots (melded)
Scrolls
 a - a scroll of noise {unknown}
 b - a scroll of immolation {unknown}
 d - 2 scrolls of teleportation {unknown}
 e - a scroll of amnesia {unknown}
 f - a scroll of identify {unknown}


   Skills:
 - Level 1.1 Fighting
 - Level 1.7 Dodging
 - Level 3.0 Unarmed Combat
 - Level 2.0 Spellcasting
 + Level 3.9 Transmutations


You couldn't memorise any spells.
You knew the following spells:

 Your Spells              Type           Power      Damage    Failure   Level
a - Beastly Appendage     Tmut           24%        N/A       14%         1
b - Spider Form           Tmut/Pois      3%         N/A       54%         3
c - Wereblood             Tmut           12%        N/A       19%         2

Your spell library contained the following spells:

 Spells                   Type           Power      Damage    Failure   Level
 Magic Dart               Conj           4%         1d3       45%         1
 Blink                    Tloc           N/A        N/A       56%         2
 Call Imp                 Summ           1%         N/A       56%         2
 Lesser Beckoning         Tloc           0%         N/A       77%         3
 Mephitic Cloud           Conj/Pois/Air  1%         N/A       77%         3
 Ice Form                 Ice/Tmut       6%         N/A       87%         4
 Manifold Assault         Tloc           1%         N/A       100%        5


Dungeon Overview and Level Annotations

Branches:
Dungeon (2/15)

Altars:

Annotations:
D:2 Natasha, Sigmund


Innate Abilities, Weirdness & Mutations

You are a venomous arachnid creature.
You have poisonous fangs.
You are tiny and dextrous.
Your spellcasting is less reliable in this form.
Your armour is entirely melded.
You are incapable of wielding weapons or throwing items.
((Your plain brown scales are hard. (AC +5)))
You cannot fit into any form of body armour.
((You are cold-blooded and may be slowed by cold attacks.))


Message History

You add the spells Magic Dart, Call Imp and Mephitic Cloud to your library.
d - 2 scrolls labelled XIENLY FADIO (gained 1)
Found 22 arrows.
Found a stone staircase leading down.
Natasha, Servant of Life and Death comes into view.
Natasha is nearby!
Okay, then.
Casting: Beastly Appendage (safe; 4% risk of failure)
Confirm with . or Enter, or press ? or * to list all spells.
The spell is extremely dangerous to cast (32% risk of failure)!
Continue anyway?
You miscast Spider Form.
You are very lightly contaminated with residual magic.
You feel incredibly sick!
You are poisoned.
You feel sick.
Casting: Spider Form (extremely dangerous; 32% risk of failure)
Confirm with . or Enter, or press ? or * to list all spells.
The spell is extremely dangerous to cast (32% risk of failure)!
Continue anyway?
You turn into a venomous arachnid creature.
Your +0 pair of boots melds into your body.
You feel sick.
Natasha stares at you and mumbles some strange words.
The magic dart hits you!
* * * LOW HITPOINT WARNING * * *
You feel sick. Natasha closely misses you.
It was a potion of resistance.
You feel protected.
You feel sick. Natasha closely misses you.
You hit Natasha.
Natasha is poisoned.
Natasha is lightly wounded.
You feel sick.
You are no longer poisoned.
Natasha stares at you and mumbles some strange words.
You resist with significant effort.
You bite Natasha!
Natasha is almost dead.
Your transformation is almost over.
Natasha stares at you and mumbles some strange words.
The magic dart hits you.
You die...

.#..######........####...####
.#...# ###.###............#
.##..## ##># ###..........#
......#####..# #......†...#
........##..## #....)....<#
#.#..#####.## ####..........#
......####.####............(#
......##.........############
......##..######s#
..........# #h# .........##
#.# ......#.## ... ......#...
### ......#.### ......#..
........# ......###


You could see Natasha (very poisoned).

Vanquished Creatures
  A worm (D:2)
  2 endoplasms (D:1)
  4 giant cockroaches
  8 goblins
  2 jackals
  4 quokkas
  2 ball pythons
  4 bats
  A frilled lizard (D:1)
  5 kobolds
  8 rats
41 creatures vanquished.

Vanquished Creatures (others)
  3 plants (D:1)
3 creatures vanquished.

Grand Total: 44 creatures vanquished

Notes
Turn   | Place    | Note
-------+----------+-------------------------------------------
     0 | D:1      | barney the Draconian Transmuter began the quest for the
                  | Orb.
     0 | D:1      | Reached XP level 1. HP: 16/16 MP: 3/3
    56 | D:1      | Found a faded altar of an unknown god.
   197 | D:1      | Reached XP level 2. HP: 23/23 MP: 5/5
  1554 | D:2      | Noticed Sigmund
  2552 | D:1      | Reached XP level 3. HP: 12/28 MP: 4/6
  2811 | D:1      | Learned a level 3 spell: Spider Form
  2814 | D:1      | Learned a level 2 spell: Wereblood
  3663 | D:2      | Noticed Natasha
  3669 | D:2      | Killed from afar by Natasha

Illustrated notes

Levels and vault maps discovered:
D:1:      scummos_arrival_checkerplants, layout_basic, serial_forest,
          infiniplex_forest_corner_1, infiniplex_forest_side_room,
          infiniplex_forest_straight_4, infiniplex_forest_lined_3_way,
          infiniplex_forest_clump_small, infiniplex_forest_lined_3,
          infiniplex_forest_straight_5, infiniplex_forest_3_way,
          hellmonk_ecumenical_altar_pennies_from_heaven
D:2:      layout_rooms, basic_altar, palyth_stone_intersect,
          minmay_indecisive_spiral, uniq_sigmund, uniq_natasha

Skill      XL: |  1  2 |
---------------+-------+-----
Transmutations | 3 |  3.9
Fighting       | |  1.1
Dodging        | |  1.7
Unarmed Combat | |  3.0
Spellcasting   | |  2.0

Action                   || total
-------------------------++-------
Melee: Unarmed           ||   126
       Tailslap          ||     9
       Kick              ||    11
       Headbutt          ||     8
       Punch             ||     2
 Cast: Beastly Appendage ||    21
       Spider Form       ||     3
  Use: Potion            ||     1
Armor: Skin              ||    25
Dodge: Dodged            ||   100
